BR (22 & UNDER)
SANTA CLARITA MUSIC @ QUINCY DOUGHBOYS
08/15/2030
 
TOP OF THE 1ST
Santa Clarita Music batting - Pitching for Quincy Doughboys : RHP Ray Reyes
Pitching: RHP Ray Reyes
Batting: RHB Geoffrey Bishop 0-0: Called Strike
0-1: Ball
1-1: Ball
2-1: Called Strike
2-2: Ball
3-2: Fly out, F9 (Flyball, 89M)
Batting: RHB Júlio Mateo 0-0: Called Strike
0-1: Ball
1-1: Foul Ball, location: 2F
1-2: Foul Ball, location: 2F
1-2: Foul Ball, location: 2F
1-2: Foul Ball, location: 2F
1-2: DOUBLE (Line Drive, 9D)
Batting: LHB Daryl Thomas 0-0: Ball
1-0: Swinging Strike
1-1: Foul Ball, location: 2F
1-2: Strikes out swinging
Batting: RHB Jeff Peterson 0-0: Called Strike
0-1: Foul Ball, location: 2F
0-2: Ball
1-2: Fly out, F9 (Flyball, 9LSF)
Top of the 1st over - 0 runs, 1 hit, 0 errors, 1 left on base; Santa Clarita 0 - Quincy 0
BOTTOM OF THE 1ST
Quincy Doughboys batting - Pitching for Santa Clarita Music : RHP Pierre Lauzon
Pitching: RHP Pierre Lauzon
Batting: LHB Esteban Pérez 0-0: Ground out U3 (Groundball, 3L)
Batting: LHB Rob Johnson 0-0: Foul Ball, location: 2F
0-1: Swinging Strike
0-2: Hit by Pitch
Batting: RHB Geoff Rainey 0-0: Called Strike
0-1: Foul Ball, location: 2F
0-2: Ball
1-2: Fly out, F7 (Flyball, 7S)
Batting: LHB José Martínez 0-0: Foul Ball, location: 2F
0-1: Called Strike
0-2: SINGLE (Line Drive, 4M)
Rob Johnson to second
Batting: RHB Reggie Snyder 0-0: Ground out 3-1 (Groundball, 34S)
Bottom of the 1st over - 0 runs, 1 hit, 0 errors, 2 left on base; Santa Clarita 0 - Quincy 0
TOP OF THE 2ND
Santa Clarita Music batting - Pitching for Quincy Doughboys : RHP Ray Reyes
Batting: RHB Bill Ménard 0-0: Ball
1-0: Ball
2-0: Called Strike
2-1: Ball
3-1: Base on Balls
Batting: RHB Leroy Bates 0-0: Called Strike
0-1: 2-RUN HOME RUN (Flyball, 7LD), Distance : 360 ft
Batting: SHB Matthew Hughes 0-0: Ball
1-0: Swinging Strike
1-1: Ball
2-1: Ball
3-1: Swinging Strike
3-2: Strikes out swinging
Batting: RHB Ángel Martínez 0-0: Called Strike
0-1: Foul Ball, location: 2F
0-2: Strikes out swinging
Batting: RHB Lorenzo Camacho 0-0: Called Strike
0-1: Foul Ball, location: 2F
0-2: Ball
1-2: Foul Ball, location: 2F
1-2: Ball
2-2: Strikes out swinging, 2-3 out at first.
Top of the 2nd over - 2 runs, 1 hit, 0 errors, 0 left on base; Santa Clarita 2 - Quincy 0
BOTTOM OF THE 2ND
Quincy Doughboys batting - Pitching for Santa Clarita Music : RHP Pierre Lauzon
Batting: RHB Steve Cooper 0-0: Ground out 5-3 (Groundball, 56S)
Batting: LHB Ramón Quintanilla 0-0: Called Strike
0-1: Ball
1-1: Ball
2-1: Fly out, F6 (Popup, 6MD)
Batting: RHB Ben Williams 0-0: Ball
1-0: Ball
2-0: Called Strike
2-1: Fly out, F8 (Flyball, 78D)
Bottom of the 2nd over - 0 runs, 0 hits, 0 errors, 0 left on base; Santa Clarita 2 - Quincy 0
TOP OF THE 3RD
Santa Clarita Music batting - Pitching for Quincy Doughboys : RHP Ray Reyes
Batting: RHB Geoffrey Bishop 0-0: Fly out, F8 (Flyball, 8LM)
Batting: RHB Júlio Mateo 0-0: Swinging Strike
0-1: Swinging Strike
0-2: Ball
1-2: Ball
2-2: Strikes out swinging
Batting: LHB Daryl Thomas 0-0: Ball
1-0: Swinging Strike
1-1: Swinging Strike
1-2: Ball
2-2: Foul Ball, location: 2F
2-2: Strikes out swinging
Top of the 3rd over - 0 runs, 0 hits, 0 errors, 0 left on base; Santa Clarita 2 - Quincy 0
BOTTOM OF THE 3RD
Quincy Doughboys batting - Pitching for Santa Clarita Music : RHP Pierre Lauzon
Batting: RHB Luis Díaz 0-0: Ball
1-0: Ball
2-0: Called Strike
2-1: Called Strike
2-2: Ball
3-2: Base on Balls
Batting: LHB Esteban Pérez 0-0: Foul Ball, location: 2F
0-1: Foul Ball, location: 2F
0-2: Ball
1-2: Ball
2-2: Foul Ball, location: 2F
2-2: Foul Ball, location: 2F
2-2: Ball
3-2: Strikes out swinging
Batting: LHB Rob Johnson 0-0: Called Strike
0-1: Ball
1-1: Foul Ball, location: 2F
1-2: Ball
2-2: SINGLE (Groundball, 4MD)
Luis Díaz to second
Runner from 2nd tries for 3rd, SAFE, no throw
Batting: RHB Geoff Rainey 0-0: Ball
1-0: Foul Ball, location: 2F
1-1: Fly out, F3 (Popup, 3F)
Batting: LHB José Martínez 0-0: Swinging Strike
0-1: Ball
1-1: Ball
2-1: DOUBLE (Flyball, 8RXD)
Luis Díaz scores
Rob Johnson to third
Batting: RHB Reggie Snyder 0-0: Called Strike
0-1: Ball
1-1: 3-RUN HOME RUN (Flyball, 7LD), Distance : 374 ft
Batting: RHB Steve Cooper 0-0: Called Strike
0-1: Swinging Strike
0-2: Ball
1-2: Fly out, F3 (Line Drive, 3)
Bottom of the 3rd over - 4 runs, 3 hits, 0 errors, 0 left on base; Santa Clarita 2 - Quincy 4
TOP OF THE 4TH
Santa Clarita Music batting - Pitching for Quincy Doughboys : RHP Ray Reyes
Batting: RHB Jeff Peterson 0-0: Ball
1-0: Fly out, F3 (Popup, 3SF)
Batting: RHB Bill Ménard 0-0: Called Strike
0-1: Ball
1-1: Foul Ball, location: 2F
1-2: DOUBLE (Line Drive, 9D)
Batting: RHB Leroy Bates 0-0: Ball
1-0: Ball
2-0: Ball
3-0: Called Strike
3-1: Swinging Strike
3-2: Foul Ball, location: 2F
3-2: Strikes out swinging
Batting: SHB Matthew Hughes 0-0: Ball
1-0: Ground out 5-3 (Groundball, 56)
Top of the 4th over - 0 runs, 1 hit, 0 errors, 1 left on base; Santa Clarita 2 - Quincy 4
BOTTOM OF THE 4TH
Quincy Doughboys batting - Pitching for Santa Clarita Music : RHP Pierre Lauzon
Batting: LHB Ramón Quintanilla 0-0: Ball
1-0: Ball
2-0: Swinging Strike
2-1: Called Strike
2-2: DOUBLE (Flyball, 89D)
Batting: RHB Ben Williams 0-0: Foul Ball, location: 2F
0-1: Ball
1-1: Foul Ball, location: 2F
1-2: Ground out 6-3 (Groundball, 6)
Batting: RHB Luis Díaz 0-0: Ball
1-0: Foul Ball, location: 2F
1-1: Hit by Pitch
Batting: LHB Esteban Pérez 0-0: Foul Ball, location: 2F
0-1: Foul Ball, location: 2F
0-2: Strikes out looking
Batting: LHB Rob Johnson 0-0: Called Strike
0-1: Ball
1-1: Fly out, F7 (Flyball, 7LM)
Bottom of the 4th over - 0 runs, 1 hit, 0 errors, 2 left on base; Santa Clarita 2 - Quincy 4
TOP OF THE 5TH
Santa Clarita Music batting - Pitching for Quincy Doughboys : RHP Ray Reyes
Batting: RHB Ángel Martínez 0-0: Hit by Pitch
Pinch Runner at 1st Francisco Candelária:
Batting: RHB Lorenzo Camacho 0-0: Swinging Strike
0-1: Foul Ball, location: 2F
0-2: Ball
1-2: Foul Ball, location: 2F
1-2: Fly out, F4 (Flyball, 4D)
Batting: RHB Geoffrey Bishop 0-0: Foul Ball, location: 2F
0-1: Swinging Strike
0-2: Strikes out swinging
Batting: RHB Júlio Mateo 0-0: Ball
1-0: Swinging Strike
1-1: Foul Ball, location: 2F
1-2: Fielders Choice at 2nd, 6-4 (Groundball, 56)
Top of the 5th over - 0 runs, 0 hits, 0 errors, 1 left on base; Santa Clarita 2 - Quincy 4
BOTTOM OF THE 5TH
Quincy Doughboys batting - Pitching for Santa Clarita Music : RHP Pierre Lauzon
Now at SS: Francisco Candelária
Batting: RHB Geoff Rainey 0-0: Reached via error on a dropped throw, E3
Batting: LHB José Martínez 0-0: Ball
1-0: Called Strike
1-1: Ball
2-1: Ball
3-1: Fly out, F9 (Line Drive, 9D)
Batting: RHB Reggie Snyder 0-0: Called Strike
0-1: Fly out, F7 (Line Drive, 7)
Batting: RHB Steve Cooper 0-0: Called Strike
0-1: Foul Ball, location: 2F
0-2: Ball
1-2: Ball
2-2: Ball
3-2: Foul Ball, location: 2F
3-2: Foul Ball, location: 2F
3-2: Fly out, F9 (Flyball, 9LS)
Bottom of the 5th over - 0 runs, 0 hits, 1 error, 1 left on base; Santa Clarita 2 - Quincy 4
TOP OF THE 6TH
Santa Clarita Music batting - Pitching for Quincy Doughboys : RHP Ray Reyes
Batting: LHB Daryl Thomas 0-0: Ball
1-0: Ball
2-0: Called Strike
2-1: Ground out 4-3 (Groundball, 4M)
Pitching: RHP Gerald Collins
Batting: RHB Jeff Peterson 0-0: SINGLE (Groundball, 56D)
Batting: RHB Bill Ménard 0-0: Called Strike
0-1: Foul Ball, location: 2F
0-2: Ball
1-2: Grounds into double play, 4-6-3 (Groundball, 4)
Top of the 6th over - 0 runs, 1 hit, 0 errors, 0 left on base; Santa Clarita 2 - Quincy 4
BOTTOM OF THE 6TH
Quincy Doughboys batting - Pitching for Santa Clarita Music : RHP Pierre Lauzon
Batting: LHB Ramón Quintanilla 0-0: SINGLE (Line Drive, 4MD)
Batting: RHB Ben Williams 0-0: Ground out 4-3 (Groundball, 34)
Ramón Quintanilla to second
Batting: RHB Luis Díaz 0-0: Ball
1-0: Called Strike
1-1: Called Strike
1-2: Ball
2-2: Ball
3-2: Base on Balls
Batting: LHB Esteban Pérez 0-0: Ball
1-0: Called Strike
1-1: Called Strike
1-2: Ball
2-2: Foul Ball, location: 2F
2-2: Foul Ball, location: 2F
2-2: Ball
3-2: Strikes out swinging
Batting: LHB Rob Johnson 0-0: Ball
1-0: Ball
2-0: Foul Ball, location: 2F
2-1: Ball
3-1: Called Strike
3-2: Base on Balls
Ramón Quintanilla to third
Luis Díaz to second
Pitching: RHP Juan García
Batting: RHB Geoff Rainey 0-0: Swinging Strike
0-1: Foul Ball, location: 2F
0-2: Ball
1-2: Strikes out swinging
Bottom of the 6th over - 0 runs, 1 hit, 0 errors, 3 left on base; Santa Clarita 2 - Quincy 4
TOP OF THE 7TH
Santa Clarita Music batting - Pitching for Quincy Doughboys : RHP Gerald Collins
Pitching: LHP Ánibal Ávila
Now at 1B: Juan Pérez
Now at 3B: Blair Charnock
Batting: RHB Leroy Bates 0-0: Swinging Strike
0-1: Swinging Strike
0-2: Foul Ball, location: 2F
0-2: Ball
1-2: Strikes out swinging
Batting: SHB Matthew Hughes 0-0: Called Strike
0-1: Ball
1-1: Ground out U3 (Groundball, 3)
Batting: RHB Francisco Candelária 0-0: Called Strike
0-1: Called Strike
0-2: Strikes out swinging
Top of the 7th over - 0 runs, 0 hits, 0 errors, 0 left on base; Santa Clarita 2 - Quincy 4
BOTTOM OF THE 7TH
Quincy Doughboys batting - Pitching for Santa Clarita Music : RHP Juan García
Batting: LHB José Martínez 0-0: Called Strike
0-1: Ball
1-1: Foul Ball, location: 2F
1-2: Strikes out swinging
Batting: RHB Reggie Snyder 0-0: Ball
1-0: Ball
2-0: Fly out, F3 (Popup, 34S)
Batting: RHB Steve Cooper 0-0: Ball
1-0: Called Strike
1-1: Foul Ball, location: 2F
1-2: Fly out, F8 (Line Drive, 89M)
Bottom of the 7th over - 0 runs, 0 hits, 0 errors, 0 left on base; Santa Clarita 2 - Quincy 4
TOP OF THE 8TH
Santa Clarita Music batting - Pitching for Quincy Doughboys : LHP Ánibal Ávila
Now at 2B: Dillon Lewis
Batting: RHB Lorenzo Camacho 0-0: Ball
1-0: Ground out 5-3 (Groundball, 5L)
Batting: RHB Geoffrey Bishop 0-0: Fly out, F9 (Flyball, 9S)
Batting: RHB Júlio Mateo 0-0: Called Strike
0-1: DOUBLE (Line Drive, 7LM)
Batting: LHB Daryl Thomas 0-0: Called Strike
0-1: Ball
1-1: Ball
2-1: Swinging Strike
2-2: Strikes out swinging
Top of the 8th over - 0 runs, 1 hit, 0 errors, 1 left on base; Santa Clarita 2 - Quincy 4
BOTTOM OF THE 8TH
Quincy Doughboys batting - Pitching for Santa Clarita Music : RHP Juan García
Batting: LHB Ramón Quintanilla 0-0: Called Strike
0-1: Swinging Strike
0-2: Strikes out swinging
Batting: RHB Dillon Lewis 0-0: Ball
1-0: Called Strike
1-1: Swinging Strike
1-2: Foul Ball, location: 2F
1-2: Ground out 4-3 (Groundball, 4)
Batting: RHB Blair Charnock 0-0: Foul Ball, location: 2F
0-1: SINGLE (Flyball, 89M)
Batting: LHB Esteban Pérez 0-0: Ball
1-0: Swinging Strike
1-1: Fly out, F6 (Line Drive, 6)
Bottom of the 8th over - 0 runs, 1 hit, 0 errors, 1 left on base; Santa Clarita 2 - Quincy 4
TOP OF THE 9TH
Santa Clarita Music batting - Pitching for Quincy Doughboys : LHP Ánibal Ávila
Batting: RHB Jeff Peterson 0-0: Ball
1-0: Ball
2-0: Called Strike
2-1: Foul Ball, location: 2F
2-2: Ground out 6-3 (Groundball, 56)
Batting: RHB Bill Ménard 0-0: Called Strike
0-1: Fly out, F3 (Flyball, 3D)
Batting: RHB Leroy Bates 0-0: Fly out, F7 (Flyball, 78D)
Top of the 9th over - 0 runs, 0 hits, 0 errors, 0 left on base; Santa Clarita 2 - Quincy 4
Saturday, April 7th, 2018 - OOTP Baseball 18.8 Build 76